AoeStats
← Moul_Thon

Arena

509671384Analyzed
2v2 RM · 6d ago on Sep 27, 2026· 34m 0s· 4 players
Game mode
Random Map
Map size
Medium (4 player)
Population
200
Speed
Normal
Resources
Standard
Victory
Conquest
Starting age
Dark Age
Ending age
Imperial Age
RankedLock teamsTeams togetherTeam positionsShared explorationLock speedFull tech treeHidden civsTurbo modeCheats
Victory
Defeat
🇺🇸 Saxons · United States
1447
+14
🇲🇦 Celts · Morocco
1316
+19
🇦🇷 Poles · Argentina
1462
-20
🇺🇸 Muisca · United States
1319
-13
LRNI_UzuI
5:29 Loom
8:07 Feudal Age
11:35 Fletching
17:18 Wheelbarrow
17:32 Double-Bit Axe
18:25 Horse Collar
26:10 Castle Age
27:59 Forging
27:50 Scale Mail Armor
27:53 Squires
31:15 Imperial Age
29:01 Gold Mining
29:24 Bow Saw
31:39 Iron Casting
31:13 Heavy Plow
31:32 Fervor
33:22 Chain Mail Armor
32:58 Arson
LRNI MarinM
8:54 Feudal Age
7:09 Loom
12:31 Castle Age
11:06 Double-Bit Axe
12:18 Gold Mining
15:42 Squires
16:33 Fervor
17:13 Sanctity
19:25 Redemption
21:10 Forging
21:26 Scale Mail Armor
24:13 Iron Casting
WavyDavyBby
5:39 Loom
8:24 Feudal Age
10:31 Fletching
14:50 Double-Bit Axe
14:49 Horse Collar
20:27 Castle Age
18:23 Horse Collar
21:09 Bodkin Arrow
21:56 Bow Saw
22:25 Wheelbarrow
21:54 Gold Mining
27:11 Hand Cart
28:54 Squires
28:58 Scale Mail Armor
29:09 Forging
29:22 Arson
29:23 Gambesons
31:28 Gold Shaft Mining
35:15 Imperial Age
34:31 Chain Mail Armor
34:51 Iron Casting
Moul_Thon
10:53 Feudal Age
15:22 Castle Age
13:33 Double-Bit Axe
13:56 Horse Collar
15:15 Scale Mail Armor
15:24 Town Watch
31:14 Forging
Connection lost

Rejoining the realm…

Still unreachable

The connection could not be restored.

Session expired

The server has moved on; the page needs a fresh start.